AoeStats
← Gonorreo

Hill Fort

505994450Analyzed
4v4 RM · 20d ago on Sep 12, 2026· 40m 34s· 8 players
Game mode
Random Map
Map size
Large (8 player)
Population
200
Speed
Normal
Resources
Standard
Victory
Conquest
Starting age
Dark Age
Ending age
Imperial Age
RankedLock teamsTeams togetherTeam positionsShared explorationLock speedFull tech treeHidden civsTurbo modeCheats
Victory
Defeat
🇦🇷 Persians · Argentina
1706
+8
🇵🇪 Maya · Peru
1662
+10
🇲🇽 Hindustanis · Mexico
1635
+11
🇦🇷 Spanish · Argentina
1494
+17
🇧🇷 Hindustanis · Brazil
1545
-12
🇨🇳 Britons · China
1536
-12
🇺🇸 Huns · United States
1529
-12
🇵🇾 Chinese · Paraguay
1475
-10
machpatel
6:47 Loom
9:22 Feudal Age
12:19 Double-Bit Axe
18:20 Fishing Lines
21:36 Castle Age
20:18 Fletching
21:28 Padded Archer Armor
22:33 Thumb Ring
22:25 Bodkin Arrow
23:36 Scale Barding Armor
23:42 Forging
28:27 Leather Archer Armor
30:53 Wheelbarrow
30:00 Horse Collar
30:45 Bow Saw
31:25 Bloodlines
31:36 Scale Mail Armor
32:02 Hand Cart
32:09 Husbandry
31:56 Pikeman
32:36 Squires
34:17 Chain Mail Armor
35:34 Iron Casting
41:44 Imperial Age
PNLN | maromba_aoe
11:13 Feudal Age
15:35 Castle Age
13:49 Double-Bit Axe
19:04 Bow Saw
20:36 Wheelbarrow
20:26 Loom
20:56 Fishing Lines
21:56 Fletching
22:24 Hand Cart
22:44 Bodkin Arrow
24:18 Gillnets
24:55 Horse Collar
25:07 Gold Mining
25:07 Stone Mining
26:40 Heavy Plow
28:07 Gold Shaft Mining
28:07 Stone Shaft Mining
30:44 Imperial Age
29:06 Scale Barding Armor
29:11 Forging
30:09 Chain Barding Armor
30:18 Bloodlines
30:08 Husbandry
30:41 Husbandry
31:39 Iron Casting
30:45 Heavy Camel Rider
32:41 Two-Man Saw
32:30 Plate Barding Armor
33:20 Gold Shaft Mining
33:20 Stone Shaft Mining
32:34 Imperial Camel Rider
34:54 Blast Furnace
35:18 Siege Elephant
36:56 Bracer
40:06 Ballistics
40:00 Masonry
超级硬邦邦
10:35 Feudal Age
9:46 Loom
9:54 Loom
17:48 Castle Age
16:04 Double-Bit Axe
16:28 Horse Collar
17:10 Stone Mining
17:24 Gold Mining
19:03 Bow Saw
19:43 Wheelbarrow
20:24 Town Watch
20:31 Fletching
23:01 Bodkin Arrow
28:49 Padded Archer Armor
29:07 Hand Cart
30:23 Ballistics
32:10 Gold Shaft Mining
31:58 Squires
31:19 Pikeman
32:22 Leather Archer Armor
33:47 Heavy Plow
35:10 Scale Mail Armor
35:21 Forging
39:08 Imperial Age
38:33 Chain Mail Armor
38:54 Iron Casting
39:20 Halberdier
DonNarko
0:35 Loom
10:28 Feudal Age
15:58 Castle Age
14:11 Double-Bit Axe
14:24 Horse Collar
17:32 Wheelbarrow
17:09 Bow Saw
21:27 Fletching
24:15 Town Watch
24:58 Heavy Plow
27:31 Hand Cart
31:26 Imperial Age
30:48 Thumb Ring
30:40 Bodkin Arrow
30:46 Padded Archer Armor
31:32 Masonry
31:43 Ballistics
32:29 Conscription
32:12 Bracer
33:13 Two-Man Saw
32:48 Architecture
33:42 Heavy Rocket Cart
34:41 Leather Archer Armor
35:16 Elite Skirmisher
39:28 Heavy Scorpion
39:29 Capped Ram
40:15 Caravan
Gonorreo
0:27 Loom
11:58 Feudal Age
15:54 Castle Age
13:59 Double-Bit Axe
14:19 Horse Collar
17:04 Wheelbarrow
16:38 Fletching
16:58 Bow Saw
21:04 Town Watch
22:29 Bodkin Arrow
24:54 Gold Mining
29:50 Imperial Age
27:58 Padded Archer Armor
30:01 Ballistics
30:28 Heavy Plow
30:53 Bracer
31:55 Chemistry
32:45 Leather Archer Armor
33:12 Masonry
33:50 Hand Cart
34:12 Ring Archer Armor
34:51 Thumb Ring
35:36 Architecture
36:27 Conscription
35:43 Capped Ram
37:22 Siege Ram
40:52 Scale Mail Armor
40:13 Eagle Warrior
40:53 Squires
40:39 Arson
[NOGG] HaZarD10S
12:00 Feudal Age
12:56 Double-Bit Axe
15:33 Castle Age
13:39 Horse Collar
17:53 Bow Saw
27:54 Imperial Age
25:18 Loom
26:10 Wheelbarrow
25:54 Gold Mining
25:55 Stone Mining
26:23 Scale Barding Armor
27:01 Forging
27:20 Hand Cart
28:25 Chain Barding Armor
27:57 Heavy Camel Rider
28:48 Bloodlines
28:38 Husbandry
30:49 Gold Shaft Mining
32:10 Chemistry
31:50 Light Cavalry
33:11 Imperial Camel Rider
35:31 Plate Barding Armor
35:45 Iron Casting
Cyndaquil
12:12 Feudal Age
15:48 Castle Age
14:10 Double-Bit Axe
14:10 Horse Collar
15:17 Loom
15:19 Town Watch
15:27 Gold Mining
17:14 Bow Saw
18:53 Heavy Plow
21:01 Padded Archer Armor
30:10 Wheelbarrow
30:29 Fishing Lines
35:11 Bloodlines
38:31 Imperial Age
37:45 Hand Cart
37:43 Fletching
37:52 Gillnets
39:35 Leather Archer Armor
40:16 Elite Conquistador
DL Nedture
11:00 Feudal Age
14:45 Castle Age
12:39 Horse Collar
13:06 Double-Bit Axe
15:02 Loom
15:50 Bow Saw
17:10 Heavy Plow
20:45 Wheelbarrow
27:08 Imperial Age
24:53 Scale Barding Armor
26:42 Chain Barding Armor
26:51 Forging
27:32 Bloodlines
27:22 Husbandry
26:50 Cavalier
28:10 Plate Barding Armor
28:19 Husbandry
29:04 Iron Casting
29:01 Savar
33:37 Blast Furnace
34:07 Crop Rotation
34:39 Two-Man Saw
35:31 Capped Ram
38:22 Hand Cart
37:53 Town Watch
39:12 Chemistry
38:41 Light Cavalry
40:05 Hussar
Connection lost

Rejoining the realm…

Still unreachable

The connection could not be restored.

Session expired

The server has moved on; the page needs a fresh start.